 Dungeon Crawl Stone Soup version 0.22.1 (webtiles) character file.

9732 Blejac999 the Unseen (level 11, -7/40 HPs)
             Began as a Felid Monk on Sept 18, 2018.
             Was an Elder of Dithmenos.
             Mangled by an eight-headed hydra (14 damage)
             ... on level 1 of the Lair of Beasts.
             The game lasted 00:57:36 (18147 turns).

Blejac999 the Unseen (Felid Monk)                  Turns: 18147, Time: 00:57:37

Health: -7/40      AC:  4    Str:  7    XL:     11   Next: 26%
Magic:  1/20       EV: 26    Int: 14    God:    Dithmenos [****..]
Gold:   1062       SH:  0    Dex: 22    Spells: 12/20 levels left
                                        Lives:  0   Deaths: 3

rFire    . . .     SeeInvis +     - Unarmed
rCold    . . .     Gourm    .   (shield unavailable)
rNeg     + . .     Faith    .   (armour unavailable)
rPois    .         Spirit   .   (helmet unavailable)
rElec    .         Reflect  .   (cloak unavailable)
rCorr    .         Harm     .   (gloves unavailable)
MR       +....                  (boots unavailable)
Stlth    ++++++++++             (no amulet)
HPRegen  0.13/turn              t - ring of positive energy
MPRegen  0.17/turn              e - +3 ring of slaying

@: wreathed by umbra, quick
A: very small, no armour, no weapons or thrown items, stealth, claws 1, fangs 3,
iridescent scales 1, see invisible, blink, carnivore, clever 1, speed 1, frail
1, shaggy fur 2, slow metabolism 1, sharp paws
a: Blink, Shadow Step, Renounce Religion


You were on level 1 of the Lair of Beasts.
You worshipped Dithmenos.
Dithmenos was greatly pleased with you.
You were very full.

You visited 4 branches of the dungeon, and saw 15 of its levels.
You also visited: Bailey.

You collected 1237 gold pieces.
You spent 175 gold pieces at shops.

Inventory:

Jewellery
 e - a +3 ring of slaying (right paw)
 m - a +2 ring of strength
 t - a ring of positive energy (left paw)
Wands
 f - a wand of paralysis (35)
 n - a wand of scattershot (2)
 r - a wand of iceblast (5)
 s - a wand of polymorph (6)
Scrolls
 b - 3 scrolls of fog
 c - 15 scrolls of identify
 d - 7 scrolls of remove curse
 g - 4 scrolls of magic mapping
 i - 3 scrolls of blinking
 q - 2 scrolls of teleportation
 u - a scroll of immolation
Potions
 h - a potion of magic
 k - a potion of might
 l - 2 potions of brilliance
 o - 7 potions of flight
 p - a potion of curing
Miscellaneous
 w - a box of beasts
Comestibles
 a - 17 rations
 v - 8 chunks of flesh


   Skills:
 + Level 3.7 Fighting
 + Level 8.3 Dodging
 * Level 16.8 Stealth
 + Level 10.8 Unarmed Combat
 + Level 5.4 Spellcasting
 + Level 5.6 Necromancy
 + Level 1.5 Invocations
 + Level 1.4 Evocations


You had 12 spell levels left.
You knew the following spells:

 Your Spells              Type           Power        Failure   Level  Hunger
a - Animate Skeleton      Necr           N/A          1%          1    None
b - Pain                  Necr           ###.         1%          1    None
c - Vampiric Draining     Necr           ###.......   4%          3    ###....
d - Regeneration          Chrm/Necr      ##........   16%         3    ###....

Your spell library contained the following spells:

 Spells                   Type           Power        Failure   Level  Hunger
 Animate Dead             Necr           N/A          17%         4    ####...


Dungeon Overview and Level Annotations

Branches:
Dungeon (11/15)            Temple (1/1) D:6            Lair (1/6) D:11
    Orc (2/2) D:10
    Elf: Orc:2

Altars:
Ashenzari
Cheibriados
Dithmenos
Elyvilon
Gozag
Makhleb
Okawaru
Sif Muna
Trog
Xom
Zin

Shops:
D:8 *   D:9 [

Portals:
Trove: D:10 (show slimy rune of Zot)

Annotations:
D:4 Dowan, Duvessa
D:9 exclusion: ice statue


Innate Abilities, Weirdness & Mutations

You cannot wear armour.
You are incapable of wielding weapons or throwing items.
Your paws allow you to move quietly. (Stealth)
You have sharp claws.
You have razor-sharp teeth.
You have supernaturally acute eyesight. (SInv)
You are carnivorous and can eat meat at any time.
You cover ground quickly.
You are covered in thick fur. (AC +2)
You have a slow metabolism.
Your sharp claws are effective at attacking unaware monsters.
You are partially covered in iridescent scales. (AC +2)
You can translocate small distances at will.
Your mind is acute. (Int +2)
You are frail. (-10% HP)


Message History

The eight-headed hydra bites you but does no damage.
The eight-headed hydra bites you.
* * * LOW HITPOINT WARNING * * *
The bullfrog closely misses you.
Evoke which item? (* to show all) (? for menu, Esc to quit)
You open the lid... ...and a juvenile oxshock beast leaps out!
The bullfrog closely misses you.
The eight-headed hydra barely misses you.
The eight-headed hydra completely misses you. x3
The eight-headed hydra bites you but does no damage.
The eight-headed hydra barely misses you.
The eight-headed hydra closely misses you. x2
The bullfrog hits you.
* * * LOW HITPOINT WARNING * * *
Unknown command.
The eight-headed hydra completely misses you. x2
The eight-headed hydra closely misses you.
The eight-headed hydra bites you!
You die...

#.....#......#.....#.........
#..#..........#.8..#...$.....
##...≈≈≈≈......###.....8.....
#≈..≈≈≈≈≈...........#........
..≈≈≈≈≈≈≈..........[†##......
...≈≈≈≈≈...............#
..≈≈≈≈≈≈............####
..≈≈≈≈≈≈<........DF##
..≈≈≈≈≈≈...###..@.H#
..≈≈≈≈≈≈≈...#.#####.#
...≈≈≈≈≈..#..# ##
.....≈.......#
..........##..# ..........#
... #........## #...
###.....#.. . ###P.......


You could see an eight-headed hydra, a bullfrog and a friendly juvenile oxshock
beast.

Vanquished Creatures
  A hydra (D:8)
  A centaur warrior (D:10)
  The ghost of Elric the Basher, a novice DsAK of Lugonu (D:10)
  An unseen horror (D:11)
  Pikel (D:9)
  A manticore (D:11)
  Psyche (D:9)
  A spiny frog (Lair:1)
  A komodo dragon (Lair:1)
  2 dream sheep (D:8)
  3 hippogriffs
  A shadow (D:11)
  16 yaks
  A wyvern (D:11)
  3 hungry ghosts
  Menkaure (D:4)
  4 water moccasins
  2 porcupines (D:11)
  8 orc warriors
  A hornet zombie (D:6)
  3 sky beasts
  An ice beast (D:7)
  5 ogres
  7 centaurs
  2 crocodiles (D:11)
  4 big kobolds
  9 bullfrogs
  A gnoll sergeant (D:11)
  4 scorpions
  13 killer bees
  7 howler monkeys
  2 crimson imps
  A quasit (D:10)
  A centaur skeleton (D:4)
  6 hounds
  4 orc priests
  4 jellies
  3 bullfrog skeletons
  3 iguanas
  14 orc wizards
  8 worker ants
  2 killer bee zombies
  A hound zombie (D:7)
  4 hound skeletons
  6 gnolls
  9 adders
  3 shadow imps
  3 oozes
  An adder skeleton (D:4)
  An adder zombie (D:9)
  2 dart slugs
  A leopard gecko (D:1)
  24 orcs
  4 giant cockroaches
  7 goblins
  8 hobgoblins
  2 jackals (D:2)
  23 kobolds
  3 quokkas
  A ball python (D:1)
  5 bats
  7 frilled lizards
  A jackal skeleton (D:4)
  A leopard gecko skeleton (D:7)
  A quokka skeleton (D:7)
  8 rats
281 creatures vanquished.

Vanquished Creatures (collateral kills)
  A yak (D:9)
  A black bear (D:7)
  An orc warrior (D:11)
  A crocodile (Lair:1)
  3 crimson imps
  A quasit (D:9)
  A hound (D:11)
  Ijyb (D:5)
  A leopard gecko (D:5)
  5 orcs
  A jackal (D:10)
  A fungus (D:11)
18 creatures vanquished.

Vanquished Creatures (others)
  3 slaves (D:9)
  2 black bears (D:9)
  2 killer bees (D:9)
  A howler monkey (D:9)
  A hound (D:9)
  An iguana (D:9)
  A worker ant (D:9)
  An adder (D:9)
  A leopard gecko (D:9)
  13 fungi (D:11)
  7 plants (D:11)
33 creatures vanquished.

Grand Total: 332 creatures vanquished

Notes
Turn   | Place    | Note
-------+----------+-------------------------------------------
     0 | D:1      | Blejac999 the Felid Monk began the quest for the Orb.
     0 | D:1      | Reached XP level 1. HP: 10/10 MP: 2/2
   190 | D:1      | Reached skill level 3 in Stealth
   190 | D:1      | Reached XP level 2. HP: 7/14 MP: 3/3
   467 | D:1      | Reached XP level 3. HP: 17/17 MP: 4/4
  1464 | D:2      | Found a bloodstained altar of Trog.
  1533 | D:2      | Reached skill level 4 in Stealth
  1767 | D:2      | You fall through a shaft!
  1929 | D:3      | Reached XP level 4. HP: 21/21 MP: 5/5
  2562 | D:3      | Found a snail-covered altar of Cheibriados.
  2566 | D:3      | Found a white marble altar of Elyvilon.
  2570 | D:3      | Reached skill level 5 in Stealth
  2573 | D:3      | Found a burning altar of Makhleb.
  2574 | D:3      | Found a shattered altar of Ashenzari.
  2574 | D:3      | Found a bloodstained altar of Trog.
  2574 | D:3      | Found a glowing silver altar of Zin.
  2610 | D:4      | Noticed Menkaure
  2615 | D:4      | Killed Menkaure
  2615 | D:4      | Reached skill level 6 in Stealth
  2615 | D:4      | Reached XP level 5. HP: 24/24 MP: 6/6
  2624 | D:3      | Gained mutation: You are covered in thick fur. (AC +2)
                  | [Felid growth]
  2624 | D:3      | Reached XP level 6. HP: 17/28 MP: 7/7
  2749 | D:4      | Found a shadowy altar of Dithmenos.
  2760 | D:4      | Reached skill level 7 in Stealth
  2772 | D:4      | Gained mutation: You tend to lose your temper in combat.
                  | [potion of mutation]
  2772 | D:4      | Gained mutation: You expend magic power (3 MP) to
                  | strengthen your wands. [potion of mutation]
  2777 | D:4      | Became a worshipper of Dithmenos the Shadowed
  2777 | D:4      | Reached * piety under Dithmenos
  2777 | D:4      | Reached ** piety under Dithmenos
  2778 | D:4      | HP: 1/28 [poisoned by a worker ant]
  2779 | D:4      | Succumbed to a worker ant's poison
  2780 | D:4      | Reached XP level 5. HP: 0/24 MP: 6/6
  2786 | D:4      | Lost mutation: You tend to lose your temper in combat.
                  | [potion of mutation]
  2786 | D:4      | Lost mutation: You expend magic power (3 MP) to strengthen
                  | your wands. [potion of mutation]
  2786 | D:4      | Gained mutation: Your body sometimes deteriorates upon
                  | taking damage. [potion of mutation]
  2786 | D:4      | Gained mutation: You are partially covered in thin metallic
                  | scales. (AC +2) [potion of mutation]
  2827 | D:4      | Noticed Duvessa
  2828 | D:4      | Noticed Dowan
  3024 | D:4      | Reached skill level 5 in Dodging
  3074 | D:4      | Reached XP level 6. HP: 28/28 MP: 7/7
  3413 | D:4      | Reached skill level 8 in Stealth
  3413 | D:4      | Reached skill level 5 in Unarmed Combat
  3416 | D:5      | Entered Level 5 of the Dungeon
  3571 | D:5      | Learned a level 1 spell: Animate Skeleton
  3662 | D:5      | Found an iron altar of Okawaru.
  3820 | D:5      | Noticed Ijyb
  3831 | D:5      | Paralysed by Ijyb for 5 turns
  3832 | D:5      | Killed Ijyb
  3832 | D:5      | Reached XP level 7. HP: 31/31 MP: 8/8
  3860 | D:5      | Lost mutation: Your body sometimes deteriorates upon taking
                  | damage. [potion of mutation]
  3860 | D:5      | Lost mutation: You are partially covered in thin metallic
                  | scales. (AC +2) [potion of mutation]
  3860 | D:5      | Gained mutation: Your body sometimes deteriorates upon
                  | taking damage. [potion of mutation]
  3860 | D:5      | Gained mutation: Your mind is acute. (Int +2) [potion of
                  | mutation]
  3860 | D:5      | Lost mutation: Your mind is acute. (Int +2) [potion of
                  | mutation]
  3860 | D:5      | Gained mutation: You are partially covered in iridescent
                  | scales. (AC +2) [potion of mutation]
  3959 | D:5      | Found a shadowy altar of Dithmenos.
  4130 | D:5      | Reached skill level 9 in Stealth
  4728 | D:6      | Found a staircase to the Ecumenical Temple.
  4747 | D:6      | Reached skill level 1 in Necromancy
  4968 | D:6      | Found an iron altar of Okawaru.
  4998 | D:6      | Reached XP level 8. HP: 34/34 MP: 8/10
  5259 | Temple   | Entered the Ecumenical Temple
  5415 | D:7      | Reached skill level 10 in Stealth
  5484 | D:7      | Lost mutation: Your body sometimes deteriorates upon taking
                  | damage. [potion of mutation]
  5484 | D:7      | Gained mutation: You tend to lose your temper in combat.
                  | [potion of mutation]
  5484 | D:7      | Gained mutation: Your muscles are strong. (Str +2) [potion
                  | of mutation]
  5485 | D:7      | Lost mutation: You tend to lose your temper in combat.
                  | [potion of mutation]
  5485 | D:7      | Lost mutation: Your muscles are strong. (Str +2) [potion of
                  | mutation]
  5485 | D:7      | Gained mutation: You are frail. (-10% HP) [potion of
                  | mutation]
  5485 | D:7      | Gained mutation: You can translocate small distances at
                  | will. [potion of mutation]
  5485 | D:7      | Gained mutation: Your mind is acute. (Int +2) [potion of
                  | mutation]
  5549 | D:7      | Reached skill level 1 in Spellcasting
  5554 | D:7      | Found a flagged portal.
  5560 | Bailey   | Entered a bailey
  5897 | Bailey   | Learned a level 1 spell: Pain
  6005 | Bailey   | Noticed an orc knight
  6052 | Bailey   | Noticed an orc knight
  6110 | Bailey   | Noticed an orc knight
  8394 | D:7      | Reached *** piety under Dithmenos
  8707 | D:7      | Reached skill level 11 in Stealth
  8806 | D:7      | Found a deep blue altar of Sif Muna.
  8908 | D:7      | Noticed a hippogriff
  8915 | D:7      | Killed a hippogriff
  9271 | D:8      | Reached XP level 9. HP: 34/34 MP: 13/13
  9407 | D:8      | Reached skill level 12 in Stealth
  9452 | D:8      | Noticed a three-headed hydra
  9454 | D:8      | Reached skill level 13 in Stealth
  9456 | D:8      | Killed a three-headed hydra
  9456 | D:8      | Reached skill level 14 in Stealth
  9601 | D:8      | Reached XP level 10. HP: 35/37 MP: 15/15
  9718 | D:8      | Found Kunn's General Store.
  9725 | D:8      | Bought a potion of heal wounds for 70 gold pieces
  9725 | D:8      | Bought a scroll of blinking for 105 gold pieces
  9972 | D:8      | Found an opulent altar of Gozag.
  9982 | D:9      | Noticed Pikel
 10349 | D:9      | Noticed an ice statue
 10922 | D:9      | Found a shimmering altar of Xom.
 11288 | D:9      | Reached **** piety under Dithmenos
 11585 | D:9      | Reached skill level 15 in Stealth
 11654 | D:9      | Killed Pikel
 12003 | D:9      | Noticed Psyche
 12010 | D:9      | Killed Psyche
 12063 | D:9      | Reached skill level 1 in Invocations
 12085 | D:9      | Found Jemmor Azizu's Antique Armour Emporium.
 12115 | D:9      | Slain by a bullfrog
 12116 | D:9      | Reached XP level 9. HP: 0/34 MP: 15/15
 12470 | D:9      | Engulfed by an ice statue's freezing vapour
 12471 | D:9      | Reached XP level 8. HP: -11/30 MP: 12/14
 12586 | D:10     | Entered Level 10 of the Dungeon
 12597 | D:10     | Found a staircase to the Orcish Mines.
 12650 | D:10     | Reached XP level 9. HP: 29/34 MP: 15/15
 13554 | D:10     | Found a portal to a secret trove of treasure.
 13573 | D:10     | Found a runed gate.
 13573 | D:10     | Found a runed gate.
 13574 | D:10     | Found a runed gate.
 13577 | D:10     | Noticed Elric's ghost (novice DsAK)
 13578 | D:10     | Found an opulent altar of Gozag.
 13579 | D:10     | Noticed a centaur warrior
 13739 | D:9      | Learned a level 3 spell: Vampiric Draining
 13743 | D:9      | Learned a level 3 spell: Regeneration
 14088 | D:10     | Killed a centaur warrior
 14381 | D:10     | Killed Elric's ghost
 14381 | D:10     | Reached skill level 1 in Evocations
 14381 | D:10     | Reached XP level 10. HP: 27/37 MP: 16/16
 14589 | D:11     | Reached skill level 16 in Stealth
 14805 | Orc:1    | Entered Level 1 of the Orcish Mines
 15475 | Orc:1    | Found a bloodstained altar of Trog.
 15479 | Orc:1    | Reached skill level 10 in Unarmed Combat
 15674 | Orc:2    | Entered Level 2 of the Orcish Mines
 15707 | Orc:2    | Noticed an orc knight
 16664 | D:11     | Reached skill level 5 in Necromancy
 17397 | D:11     | Reached skill level 5 in Spellcasting
 17440 | D:11     | Reached XP level 11. HP: 30/40 MP: 19/19
 17548 | D:11     | Noticed an unseen horror
 17565 | D:11     | Killed an unseen horror
 17964 | D:11     | Found a staircase to the Lair.
 18075 | Lair:1   | Entered Level 1 of the Lair of Beasts
 18123 | Lair:1   | Noticed an eight-headed hydra
 18147 | Lair:1   | Mangled by an eight-headed hydra

Skill      XL: |  1  2  3  4  5  6  7  8  9 10 |
---------------+-------------------------------+-----
Stealth        | 3 4 6 8 9 11 14 16 | 16.8
Unarmed Combat | 4 5 6 7 8 10 | 10.8
Dodging        | 5 6 8 |  8.3
Necromancy     | 1 3 5 |  5.6
Spellcasting   | 2 5 |  5.4
Invocations    | 1 |  1.5
Evocations     | 1 |  1.4
Fighting       | |  3.7

Action                   |  1- 3 |  4- 6 |  7- 9 | 10-12 || total
-------------------------+-------+-------+-------+-------++-------
Melee: Unarmed           |    95 |   117 |   335 |   421 ||   968
       Punch             |     1 |       |    12 |    22 ||    35
       Bite              |     6 |    19 |    31 |    52 ||   108
 Cast: Animate Skeleton  |       |     1 |    22 |    33 ||    56
       Pain              |       |       |   182 |    19 ||   201
       Vampiric Draining |       |       |       |    43 ||    43
Invok: Shadow Step       |       |     1 |     3 |     2 ||     6
 Abil: Blink             |       |       |     4 |     1 ||     5
Evoke: Wand              |       |       |    25 |     6 ||    31
       Box of beasts     |       |       |       |     1 ||     1
  Use: Scroll            |     6 |       |     4 |     4 ||    14
       Potion            |     1 |     3 |     6 |     8 ||    18
 Stab: Sleeping          |    15 |    13 |    39 |    23 ||    90
       Distracted        |       |     1 |     3 |     1 ||     5
       Paralysed         |       |       |       |     1 ||     1
  Eat: Chunk             |     9 |     9 |    30 |    21 ||    69
       Ration            |       |       |     2 |       ||     2
Armor: Skin              |       |     7 |    28 |    17 ||    52
Dodge: Dodged            |    58 |   113 |   420 |   457 ||  1048
